 Dungeon Crawl Stone Soup version 0.19.5 (webtiles) character file.

450 Kahsius the Cleaver (level 6, -2/52 HPs)
             Began as a Minotaur Berserker on Mar 6, 2017.
             Was a Believer of Trog.
             Slain by a gnoll
             ... wielding a +0 halberd
              (7 damage)
             ... on level 4 of the Dungeon.
             The game lasted 00:07:51 (2194 turns).

Kahsius the Cleaver (Minotaur Berserker)            Turns: 2194, Time: 00:07:51

Health: -2/52      AC: 11    Str: 21 (23) XL:     6   Next: 74%
Magic:  5/5        EV:  6    Int:  4      God:    Trog [**....]
Gold:   176        SH:  0    Dex: 10      Spells: 0 memorised, 5 levels left

rFire  . . .     SeeInvis .     a - +0 hand axe
rCold  . . .     Gourm    .     o - +0 plate armour
rNeg   . . .     Faith    .     (no shield)
rPois  .         Spirit   .     (helmet restricted)
rElec  .         Reflect  .     (no cloak)
rCorr  .         Harm     .     (no gloves)
MR     .....                    (no boots)
Stlth  ..........               (no amulet)
                                (no ring)
                                j - ring of flight

@: no status effects
A: retaliatory headbutt, horns 2
a: Berserk, Trog's Hand, Burn Spellbooks, Renounce Religion, Evoke Flight


You were on level 4 of the Dungeon.
You worshipped Trog.
Trog was pleased with you.
You were hungry.

You visited 1 branch of the dungeon, and saw 4 of its levels.

You collected 176 gold pieces.

Inventory:

Hand Weapons
 a - a +0 hand axe (weapon)
Armour
 b - a +0 animal skin
 o - a +0 plate armour (worn)
Jewellery
 e - an uncursed ring of wizardry {unknown}
 j - a ring of flight (left hand)
 m - a +4 ring of strength {unknown}
Scrolls
 g - a scroll of fog
 h - 2 scrolls of remove curse
 i - a scroll of identify
 q - 3 scrolls of recharging {unknown}
Potions
 k - a potion of curing
 p - a potion of heal wounds
Comestibles
 c - 2 bread rations
 d - a slice of pizza
 f - 2 chunks of flesh
 l - a meat ration
 n - 6 fruits


   Skills:
 - Level 3.7 Fighting
 + Level 8.7 Axes
 - Level 2.4 Armour
 - Level 2.2 Dodging
 + Level 1.9 Stealth


You had 5 spell levels left.
You didn't know any spells.

Dungeon Overview and Level Annotations

Branches:
Dungeon (4/15)
 Temple: D:4-7

Altars:
Makhleb
Ru
Uskayaw


Innate Abilities, Weirdness & Mutations

You reflexively headbutt those who attack you in melee.
You have a pair of horns on your head.


Message History

An orc wizard comes into view. It is wielding a dagger.
You closely miss the adder.
The orc wizard shouts!
You headbutt the adder!
You kill the adder!
Trog accepts your kill.
You feel your dexterity returning.
An orc priest comes into view. It is wielding a dagger.
The orc wizard casts a spell.
The orc wizard flickers and vanishes!
Deactivating autopickup; reactivate with Ctrl-A.
You see here an adder corpse.
The orc priest shouts!
You hit the orc but do no damage. The gnoll hits you but does no damage.
The orc barely misses you.
You hit the orc. Your headbutt misses the orc.
The orc is lightly wounded.
You hit the orc.
The gnoll hits you from afar with a halberd!
You die...

####...####.....#
#...............#
#...............#
#...............#
#######...............#
.#o))..#...............#
....##.#.......o.......#
..............oo@......#
###.......o...g........#
..............##.#.#....
..##..................##
.................####.#
..######.###.##### #
#.#..............
#.#.####.###.####
......##.....###


You could see an orc priest, a gnoll and 3 orcs.

Vanquished Creatures
  A centaur (D:4)
  The ghost of nosre the Sneak, an amateur KoEn (D:3)
  A centaur skeleton (D:3)
  3 orc wizards
  2 worker ants (D:3)
  6 adders
  An ooze (D:3)
  5 worms
  4 dart slugs
  A leopard gecko (D:4)
  8 orcs
  4 bats
  6 giant cockroaches
  6 goblins
  4 hobgoblins
  A jackal (D:2)
  3 kobolds
  2 ball pythons
  A frilled lizard (D:2)
  8 rats
68 creatures vanquished.

Notes
Turn   | Place    | Note
-------+----------+-------------------------------------------
     0 | D:1      | Kahsius the Minotaur Berserker began the quest for the Orb.
     0 | D:1      | Reached XP level 1. HP: 19/19 MP: 0/0
    23 | D:1      | Reached skill level 4 in Axes
    70 | D:1      | Reached XP level 2. HP: 27/27 MP: 1/1
   425 | D:2      | Found a burning altar of Makhleb.
   435 | D:2      | Found a hide-covered altar of Uskayaw.
   436 | D:2      | Noticed a hand axe
   437 | D:2      | Noticed a hand axe
   483 | D:2      | Reached XP level 3. HP: 33/33 MP: 2/2
   637 | D:2      | Reached skill level 5 in Axes
   687 | D:2      | Reached ** piety under Trog
   938 | D:2      | Found a sacrificial altar of Ru.
  1456 | D:3      | Reached XP level 4. HP: 40/40 MP: 3/3
  1482 | D:3      | Reached skill level 6 in Axes
  1482 | D:3      | Reached skill level 1 in Stealth
  1511 | D:3      | Reached XP level 5. HP: 38/46 MP: 4/4
  1548 | D:3      | Noticed nosre's ghost (amateur KoEn)
  1557 | D:3      | Killed nosre's ghost
  1557 | D:3      | Reached skill level 7 in Axes
  1564 | D:3      | Reached XP level 6. HP: 48/52 MP: 5/5
  1952 | D:4      | Reached skill level 8 in Axes
  2194 | D:4      | Slain by a gnoll

Skill      XL: |  1  2  3  4  5  6 |
---------------+-------------------+-----
Axes           | 4 5 6 7 8 |  8.7
Stealth        | 1 |  1.9
Fighting       | |  3.7
Armour         | |  2.4
Dodging        | |  2.2

Action                   |  1- 3 |  4- 6 || total
-------------------------+-------+-------++-------
Melee: Hand axe          |    71 |   107 ||   178
       Headbutt          |    14 |    21 ||    35
Invok: Trog's Hand       |       |     1 ||     1
  Use: Scroll            |     4 |     1 ||     5
       Potion            |       |     5 ||     5
 Stab: Sleeping          |     2 |       ||     2
  Eat: Fruit             |     1 |       ||     1
       Chunk             |       |     3 ||     3
Armor: Animal skin       |     6 |       ||     6
       Plate armour      |     5 |    50 ||    55
Dodge: Dodged            |    42 |    47 ||    89
